 Dungeon Sprint DCSS version 0.16-a0-2179-gb75b79b (webtiles) character file.

625 wvc the Bludgeoner (level 7, -7/124 HPs)
             Began as an Ogre Berserker on Nov 14, 2014.
             Was a High Priest of Trog.
             Mangled by a vampire mosquito (11 damage)
             ... in the Dungeon (Sprint IX: "|||||||||||||||||||||||||||||").
             The game lasted 00:02:10 (296 turns).

wvc the Bludgeoner (Ogre Berserker)                  Turns: 296, Time: 00:02:11

Health: -7/124     AC:  3    Str: 28      XL:     7   Next: 47%
Magic:  7/7        EV: 11    Int:  6      God:    Trog [*****.]
Gold:   0          SH:  0    Dex: 13 (14) Spells: 0 memorised, 6 levels left

rFire  . . .     SeeInvis .     n - +2 morningstar (crush)
rCold  . . .     Clarity  .     b - +0 animal skin
rNeg   . . .     SustAb   .     (shield restricted)
rPois  .         Gourm    .     (helmet restricted)
rElec  .         Spirit   .     (no cloak)
rCorr  .         Warding  .     (gloves unavailable)
rMut   .         NoTele   +     (boots unavailable)
MR     .....                    (no amulet)
Stlth  ..........               (no ring)
                                o - +3 ring of dexterity

@: berserking (expiring), very quick, not resistant to hostile enchantments,
extremely unstealthy
A: unfitting armour, tough skin 1
a: Burn Spellbooks, Berserk, Trog's Hand, Brothers in Arms, Renounce Religion


You were in the Dungeon.
You worshipped Trog.
Trog was extremely pleased with you.
You were not hungry.

You visited 1 branch

Inventory:

Hand weapons
 n - a +2 morningstar of crushing (weapon)
Missiles
 j - 8 silver javelins (quivered)
Armour
 b - a +0 animal skin (worn)
Jewellery
 a - a +3 ring of intelligence
 o - a +3 ring of dexterity (left hand)
Magical devices
 m - a wand of cold (7)
Scrolls
 i - 2 scrolls of blinking
 l - 3 scrolls of remove curse
Potions
 d - 5 potions of curing
 e - 3 potions of heal wounds
 f - a potion of haste
 g - 4 potions of magic
 h - a potion of berserk rage
 k - a potion of invisibility


   Skills:
 + Level 9.1 Fighting
 * Level 16.9 Maces & Flails
 + Level 2.7 Armour
 + Level 3.6 Dodging


You had 6 spell levels left.
You didn't know any spells.

Dungeon Overview and Level Annotations

Branches:
Dungeon (1/1)

Altars:
Cheibriados
Dithmenos
Elyvilon
Fedhas
Gozag
Kikubaaqudgha
Makhleb
Nemelex Xobeh
Okawaru
Qazlal
Ru
Sif Muna
Trog
Vehumet
Xom
Yredelemnul
Zin
The Shining One
Beogh
Jiyva
Lugonu


Innate Abilities, Weirdness & Mutations

You are too large for most types of armour.
You have tough skin (AC +1).


Message History

You bludgeon the orc warrior!!
The orc warrior is severely wounded.
You barely miss the orc warrior.
The orc warrior is severely wounded.
The orc warrior barely misses you.
You hit the orc warrior.
The orc warrior is severely wounded.
You completely miss the orc warrior.
The orc warrior is severely wounded.
The orc warrior hits you with a dire flail!
* * * LOW HITPOINT WARNING * * *
You closely miss the orc warrior.
The orc warrior is severely wounded.
Unknown command.
You perforate the orc warrior like a sieve!!!
You kill the orc warrior!
Trog accepts your kill.
Your Fighting skill increases to level 9!
The vampire mosquito bites you!
You die... ▓▓▓▓▓▓▓▓▓▓▓▓▓▓▓▓▓▓▓▓▓▓▓▓▓▓▓▓ ___'.?|)[[[..'))@yD.uD.....+ ▓▓▓▓▓▓▓▓▓▓▓▓▓▓▓▓▓▓▓▓▓▓▓▓▓▓▓▓

You could see a six-headed hydra, a brown ugly thing, a mottled dragon and a vampire mosquito.

Vanquished Creatures
  A troll (D)
  An orc warrior (D)
  2 ice beasts (D)
  A giant frog (D)
  A quasit (D)
  An iguana (D)
  A worker ant (D)
  A shadow imp (D)
  A bat zombie (D)
  3 hobgoblins (D)
  4 kobolds (D)
  A giant cockroach (D)
18 creatures vanquished.

Notes
Turn   | Place    | Note
--------------------------------------------------------------
     0 | D        | wvc, the Ogre Berserker, began the quest for the Orb.
     0 | D        | Reached XP level 1. HP: 24/24 MP: 1/1
    13 | D        | Reached skill level 5 in Maces & Flails
    18 | D        | Acquired Trog's second power
    21 | D        | Reached skill level 6 in Maces & Flails
    23 | D        | Received a gift from Trog
    74 | D        | Noticed an iguana
    74 | D        | Noticed an ice beast
    74 | D        | Noticed a quasit
    82 | D        | Killed an iguana
    82 | D        | Reached skill level 9 in Maces & Flails
    82 | D        | Reached XP level 2. HP: 32/32 MP: 2/2
    82 | D        | Reached XP level 3. HP: 39/39 MP: 3/3
    84 | D        | Killed an ice beast
    84 | D        | Reached skill level 12 in Maces & Flails
    84 | D        | Reached XP level 4. HP: 48/48 MP: 4/4
    84 | D        | Reached XP level 5. HP: 54/54 MP: 5/5
    90 | D        | Killed a quasit
    90 | D        | Acquired Trog's third power
    90 | D        | Reached skill level 13 in Maces & Flails
   177 | D        | Found a glowing silver altar of Zin.
   177 | D        | Found a glowing golden altar of the Shining One.
   177 | D        | Found an ancient bone altar of Kikubaaqudgha.
   177 | D        | Found a basalt altar of Yredelemnul.
   177 | D        | Found a shimmering altar of Xom.
   177 | D        | Found a radiant altar of Vehumet.
   177 | D        | Found an iron altar of Okawaru.
   178 | D        | Found a burning altar of Makhleb.
   179 | D        | Found a deep blue altar of Sif Muna.
   180 | D        | Found a bloodstained altar of Trog.
   181 | D        | Found a sparkling altar of Nemelex Xobeh.
   182 | D        | Found a white marble altar of Elyvilon.
   183 | D        | Found a roughly hewn altar of Beogh.
   184 | D        | Found a viscous altar of Jiyva.
   185 | D        | Found a corrupted altar of Lugonu.
   186 | D        | Found a blossoming altar of Fedhas.
   187 | D        | Found a snail-covered altar of Cheibriados.
   188 | D        | Found a shadowy altar of Dithmenos.
   189 | D        | Found a stormy altar of Qazlal.
   190 | D        | Found an opulent altar of Gozag.
   191 | D        | Found a sacrificial altar of Ru.
   242 | D        | Noticed an ice beast
   242 | D        | Noticed a worker ant
   242 | D        | Noticed a giant frog
   244 | D        | Killed an ice beast
   244 | D        | Reached skill level 5 in Fighting
   244 | D        | Reached skill level 14 in Maces & Flails
   244 | D        | Reached XP level 6. HP: 67/67 MP: 6/6
   246 | D        | Killed a worker ant
   247 | D        | Killed a giant frog
   247 | D        | Reached skill level 15 in Maces & Flails
   279 | D        | Noticed a troll
   279 | D        | Noticed an orc warrior
   279 | D        | Noticed a vampire mosquito
   279 | D        | Noticed a six-headed hydra
   279 | D        | Noticed a brown ugly thing
   279 | D        | Noticed a mottled dragon
   289 | D        | Killed a troll
   289 | D        | Reached skill level 16 in Maces & Flails
   289 | D        | Reached XP level 7. HP: 14/81 MP: 7/7
   293 | D        | HP: 3/121 [orc warrior/dire flail (11)]
   295 | D        | Killed an orc warrior
   296 | D        | Mangled by a vampire mosquito

Action                   |  1- 3 |  4- 6 |  7- 9 || total
-------------------------+-------+-------+-------++-------
Melee: Mace              |    25 |     5 |       ||    30
       Morningstar       |       |    14 |     6 ||    20
Invok: Berserk           |     2 |     2 |       ||     4
  Eat: Meat ration       |       |     1 |       ||     1
